 Dungeon Crawl Stone Soup version 0.31-a0-662-g684573625c (webtiles) character file.

Game seed: 17131679036947843531

11977 Arcadio the Grappler (level 11, -5/175 HPs)
             Began as a Troll Fighter on Aug 31, 2023.
             Was a Plaything of Xom.
             Slain by a cane toad (12 damage)
             ... on level 1 of the Lair of Beasts.
             The game lasted 00:35:56 (9680 turns).

Arcadio the Grappler (Troll Fighter)                Turns: 9680, Time: 00:35:57

Health: -5/175     AC: 25    Str: 30    XL:     11   Next: 56%
Magic:  10/10      EV:  1    Int:  4    God:    Xom [.*....]
Gold:   806        SH:  0    Dex:  7    Spells: 10/10 levels left

rFire   . .          .
                       - Unarmed
rCold   . . .        (no shield)
rNeg    . . .        c - melded +0 troll leather armour
rPois   +            (helmet currently unavailable)
rElec   .            (cloak currently unavailable)
rCorr   .            (gloves unavailable)
SInv    .            (boots unavailable)
Will    +....        G - amulet of regeneration
Stlth   +            n - ring of willpower
HPRegen 2.09/turn    w - ring of poison resistance
MPRegen 0.12/turn

%: no passive effects
@: lethally poisoned (-5 -> -6), tree-form
A: stationary, stasis, torment immunity, boosted hp, large, unfitting armour,
(claws 3), regeneration 1, (shaggy fur 1), (tough skin 1), clumsy 1, screaming 1
a: Renounce Religion


You were on level 1 of the Lair of Beasts.
You worshipped Xom.
You were a plaything of Xom.
You were a tree.
You visited 4 branches of the dungeon, and saw 13 of its levels.

You collected 868 gold pieces.
You donated 62 gold pieces to Zin.

Inventory:

Hand Weapons
 L - the +3 whip of Vaog {elec, Dex+5 SInv}
   (You took it off an orc on level 8 of the Dungeon)

   Dex+5:     It affects your dexterity (+5).
   SInv:      It lets you see invisible.
 M - a +0 morningstar
Missiles
 s - 2 throwing nets
Armour
 c - a +0 troll leather armour (melded)
 H - +0 steam dragon scales
Jewellery
 n - a ring of willpower (left branch)
 q - a ring of resist corrosion
 u - a ring of fire
 w - a ring of poison resistance (right branch)
 G - an amulet of regeneration (around neck)
Wands
 x - a wand of roots (15)
 z - a wand of flame (38)
 O - a wand of charming (13)
Scrolls
 d - 2 scrolls of silence
 j - 2 scrolls of teleportation
 k - 2 scrolls of amnesia
 l - a scroll of enchant weapon {unknown}
 m - 4 scrolls of immolation
 t - 3 scrolls of fog {unknown}
 y - 2 scrolls of fear {unknown}
 K - a scroll of summoning {unknown}
 N - a scroll of enchant armour {unknown}
Potions
 f - a potion of berserk rage {unknown}
 g - a potion of ambrosia {unknown}
 h - a potion of heal wounds {unknown}
 i - a potion of haste {unknown}
 B - a potion of mutation {unknown}
 C - a potion of invisibility {unknown}
 D - 2 potions of lignification
 F - a potion of enlightenment {unknown}
 I - 3 potions of brilliance
 J - a potion of degeneration {unknown}
Miscellaneous
 r - a phantom mirror (inert)


   Skills:
 + Level 9.7 Fighting
 + Level 5.7 Armour
 - Level 7.5 Dodging
 - Level 2.6 Shields
 + Level 11.1 Unarmed Combat


You had 10 spell levels left.
You didn't know any spells.
Your spell library contained the following spells:

 Spells                   Type           Power      Damage    Failure   Level
 Leda's Liquefaction      Hex/Erth       0%         N/A       99%         4
 Lee's Rapid Deconstruct  Erth           0%         3d4*      100%        5
 Leda's Unmaking          Conj/Erth      0%         9d1       100%        6


Dungeon Overview and Level Annotations

Branches:
Dungeon (9/15) Zot: 25716  Temple (1/1) D:6 Zot: 5994    Lair (1/5) D:9 Zot: 5767
    Orc (2/2) D:9 Zot: 11095
    Elf: Orc:2

Altars:
Cheibriados
Dithmenos
Elyvilon
Fedhas
Gozag
Hepliaklqana
Makhleb
Nemelex Xobeh
Okawaru
Qazlal
Trog
Uskayaw
Vehumet
Wu Jian
Xom
Yredelemnul
Zin
The Shining One

Annotations:
D:1 2 transporters
D:4 2 transporters, vcxz's ghost, amateur NaWn
D:8 Erica


Innate Abilities, Weirdness & Mutations

You are a tree.
Your roots penetrate the ground, keeping you stationary.
You cannot be teleported.
You are immune to unholy pain and torment.
Your maximum health is greatly increased.
Your equipment is partially melded.
You are too large for most types of armour.
((You have claws for hands.))
Your natural rate of healing is unusually fast.
((You are covered in fur. (AC +1)))
((You have tough skin. (AC +1)))
You are clumsy. (Dex -2)
You occasionally shout uncontrollably at your foes.


Message History

Okay, then.
Okay, then.
Okay, then.
Okay, then.
You turn into a tree.
Your +0 troll leather armour melds into your body.
Your roots penetrate the ground.
You feel sick.
The black mamba bites you but does no damage. x2
You pummel the black mamba!!
The black mamba is heavily wounded.
You feel sick.
You are no longer poisoned.
The black mamba bites you but does no damage.
You barely miss the black mamba.
The black mamba is heavily wounded.
The black mamba barely misses you.
You miss the black mamba. You punch the black mamba.
The black mamba is severely wounded.
The black mamba bites you but does no damage.
The black mamba bites you!
* * * LOW HITPOINT WARNING * * *
You hit the black mamba.
The black mamba is severely wounded.
The black mamba bites you.
* * * LOW HITPOINT WARNING * * *
You are poisoned.
The black mamba poisons you!
You pummel the black mamba!!
You kill the black mamba!
You feel very sick.
You pummel the cane toad!!
The cane toad is almost dead.
You feel very sick.
The cane toad stings you but does no damage.
You barely miss the cane toad.
The cane toad is almost dead.
You feel very sick. The cane toad stings you!
You die...
Xom titters!

..8..>..8.....8.......#
......................#
.#.......#....#.......#
.##.######.....#......##
#....###F.......
....#####........ .....
#......... ...##
##FF...### ## #.♣....#
#.#######.....##
...............#
#PP..........##
##...........#
#...........######
#............#.#.####
#....................
#....................


You could see 3 cane toads.

Vanquished Creatures
  Pikel (D:4)
  A black mamba (Lair:1)
  Maggie (D:9)
  A cane toad (D:9)
  2 komodo dragons
  2 trolls
  A shadow (D:9)
  7 yaks (D:9)
  2 steam dragons
  3 water moccasins
  23 orc warriors
  2 sky beasts
  2 ice beasts
  2 black bears
  5 ogres
  2 centaurs (D:9)
  5 wolves (D:9)
  A phantom (D:6)
  4 lemures
  7 kobold brigands
  5 bullfrogs
  3 gnoll sergeants
  4 scorpions
  6 wights
  A killer bee (D:9)
  A howler monkey (D:8)
  2 jellies
  4 gnoll boudas
  10 hounds
  16 orc priests
  A sleepcap (D:4)
  Jessica (D:2)
  4 iguanas
  18 orc wizards
  24 gnolls
  5 adders
  2 white imps
  An ufetubus (D:7)
  3 worms
  A dart slug (D:5)
  52 orcs
  2 ball pythons
  3 bats
  5 endoplasms
  2 giant cockroaches (D:3)
  8 goblins
  12 hobgoblins
  13 kobolds
  4 quokkas
  3 frilled lizards
  3 rats (D:1)
293 creatures vanquished.

Vanquished Creatures (collateral kills)
  An orc knight (Orc:1)
1 creature vanquished.

Vanquished Creatures (others)
  A two-headed ogre (D:9)
  A manticore (D:9)
  2 yaks (D:9)
  2 orc wizards (D:9)
6 creatures vanquished.

Grand Total: 300 creatures vanquished

Notes
Turn   | Place    | Note
-------+----------+-------------------------------------------
     0 | D:1      | Arcadio the Troll Fighter began the quest for the Orb.
     0 | D:1      | Reached XP level 1. HP: 22/22 MP: 0/0
   216 | D:1      | Reached XP level 2. HP: 29/29 MP: 1/1
   869 | D:2      | Reached skill level 5 in Fighting
   869 | D:2      | Reached skill level 5 in Dodging
   869 | D:2      | Reached skill level 5 in Unarmed Combat
   869 | D:2      | Reached XP level 3. HP: 42/42 MP: 2/2
   985 | D:2      | Noticed Jessica
   992 | D:2      | Killed Jessica
   993 | D:2      | Reached XP level 4. HP: 45/50 MP: 3/3
  1022 | D:2      | Found a faded altar of an unknown god.
  2080 | D:3      | Found a glowing silver altar of Zin.
  2097 | D:3      | Became a worshipper of Zin the Law-Giver
  2097 | D:3      | Reached * piety under Zin
  2320 | D:4      | Found a radiant altar of Vehumet.
  2357 | D:4      | Reached XP level 5. HP: 55/57 MP: 4/4
  2401 | D:4      | Reached ** piety under Zin
  2465 | D:4      | Identified the +2 ring mail "Vuhingeq" {rF- rCorr Str+4
                  | Dex+2 Stlth+}
  2487 | D:4      | Reached skill level 6 in Unarmed Combat
  2512 | D:4      | Found a transporter.
  2522 | D:4      | Noticed vcxz's ghost (amateur NaWn)
  2543 | D:4      | Found a transporter.
  2625 | D:4      | Noticed a black bear
  2638 | D:4      | Killed a black bear
  2639 | D:4      | Reached XP level 6. HP: 48/66 MP: 2/5
  3078 | D:4      | Found a snail-covered altar of Cheibriados.
  3330 | D:5      | Entered Level 5 of the Dungeon
  3500 | D:4      | Reached XP level 7. HP: 72/74 MP: 6/6
  3723 | D:5      | Found a basalt altar of Yredelemnul.
  3865 | D:5      | Reached skill level 7 in Unarmed Combat
  3891 | D:5      | Noticed Pikel
  4056 | D:4      | Killed Pikel
  4057 | D:4      | Reached XP level 8. HP: 58/84 MP: 4/7
  4278 | D:5      | Reached *** piety under Zin
  4441 | D:6      | Found a staircase to the Ecumenical Temple.
  4451 | Temple   | Entered the Ecumenical Temple
  4665 | D:6      | Reached XP level 9. HP: 71/93 MP: 8/8
  4839 | D:6      | Reached skill level 8 in Unarmed Combat
  4845 | D:6      | Reached **** piety under Zin
  5118 | D:6      | Reached ***** piety under Zin
  5597 | D:7      | You fall into a shaft and drop 1 floor!
  6004 | D:7      | Found a sparkling altar of Nemelex Xobeh.
  6005 | D:7      | Found a shadowy altar of Dithmenos.
  6203 | D:8      | Identified the +4 chain mail of Jehimun {rN+}
  6258 | D:8      | Reached skill level 1 in Armour
  6352 | D:7      | Reached skill level 9 in Unarmed Combat
  6789 | D:8      | Reached XP level 10. HP: 100/104 MP: 9/9
  6835 | D:8      | Identified the +3 whip of Vaog {elec, Dex+5 SInv}
  6974 | D:8      | Found a hide-covered altar of Uskayaw.
  7172 | D:9      | Noticed a two-headed ogre
  7443 | D:9      | Noticed a manticore
  7444 | D:9      | Found a shimmering altar of Xom.
  7451 | D:9      | Killed a manticore
  7565 | D:9      | Fell from the grace of Zin
  7565 | D:9      | Became a worshipper of Xom the Begetter of Turbulence
  7579 | D:9      | Noticed Erica
  7844 | D:9      | Noticed Maggie
  7851 | D:9      | Killed Maggie
  7852 | D:9      | Reached skill level 10 in Unarmed Combat
  7873 | D:9      | XOM: potion effect (haste)
  7911 | D:9      | XOM: noise
  7937 | D:9      | XOM: divination: detect creatures
  7971 | D:9      | Paralysed by the wrath of Zin for 3 turns
  8071 | D:9      | Found a bloodstained altar of Trog.
  8135 | D:9      | Found a staircase to the Lair.
  8171 | D:9      | Found a staircase to the Orcish Mines.
  8198 | D:9      | XOM: potion effect (haste)
  8218 | Lair:1   | Entered Level 1 of the Lair of Beasts
  8266 | D:9      | XOM: potion effect (attraction)
  8295 | Lair:1   | HP: 3/106 [troll (6)]
  8341 | Lair:1   | XOM: noise
  8408 | D:9      | Reached XP level 11. HP: 107/115 MP: 10/10
  8431 | Orc:1    | Entered Level 1 of the Orcish Mines
  8444 | Orc:1    | XOM: divination: detect items
  8446 | Orc:1    | You fall into a shaft and drop 1 floor!
  8446 | Orc:2    | Entered Level 2 of the Orcish Mines
  8462 | Orc:2    | Noticed an orc knight
  8482 | Orc:2    | XOM: confuse monster(s)
  8514 | Orc:1    | Noticed an orc high priest
  8545 | Orc:1    | XOM: give mutations
  8545 | Orc:1    | Gained mutation: You are clumsy. (Dex -2) [Xom's mischief]
  8545 | Orc:1    | Lost mutation: You are clumsy. (Dex -2) [Xom's mischief]
  8545 | Orc:1    | Gained mutation: You occasionally shout uncontrollably at
                  | your foes. [Xom's mischief]
  8545 | Orc:1    | Gained mutation: Your spells are a little harder to cast,
                  | but a little more powerful. [Xom's mischief]
  8755 | Orc:1    | XOM: enchant monster (bad)
  8857 | Orc:1    | XOM: give mutation
  8857 | Orc:1    | Gained mutation: You are clumsy. (Dex -2) [Xom's mischief]
  8902 | Orc:1    | Killed an orc knight
  9114 | Orc:2    | XOM: give mutation
  9114 | Orc:2    | Lost mutation: Your spells are a little harder to cast, but
                  | a little more powerful. [Xom's mischief]
  9186 | Orc:2    | Reached skill level 5 in Armour
  9268 | Orc:2    | XOM: summons friendly quasit
  9277 | Orc:2    | XOM: confusion (+ monsters)
  9317 | Orc:2    | a black bear changed into a harpy
  9317 | Orc:2    | Noticed a harpy (shapeshifter)
  9402 | D:9      | Killed a two-headed ogre
  9514 | D:9      | XOM: fog
  9570 | Lair:1   | XOM: noise
  9574 | D:9      | XOM: divination: detect items
  9584 | D:9      | Reached skill level 11 in Unarmed Combat
  9660 | Lair:1   | Paralysed by the wrath of Zin for 3 turns
  9666 | Lair:1   | HP: 5/117 [poisoned by a black mamba]
  9679 | Lair:1   | HP: 8/175 [poisoned by a black mamba]
  9680 | Lair:1   | Slain by a cane toad

Illustrated notes

Levels and vault maps discovered:
D:1:      spicycebolla_arrival_transporter_tutorial, layout_basic
D:2:      layout_basic, hellmonk_ecumenical_altar_leap_of_faith,
          minmay_tiny_reverse_x, uniq_jessica
D:3:      layout_rooms, mainiacjoe_overflow_alcove_2
D:4:      layout_basic, mainiacjoe_overflow_concentric_impassable,
          vehumet_crystals, gammafunk_ghost_stat_death, serial_bayou_pond_b
D:5:      layout_cave_pools, lemuel_tele_altar, st_stairs_10, uniq_pikel
D:6:      kennysheep_housing_project, layout_rooms, temple_pool_b,
          serial_bayou_lagoon_a
D:7:      layout_basic, mainiacjoe_overflow_divided_tiny
D:8:      layout_layer_cave, kennysheep_mini
D:9:      layout_loops_ring, mainiacjoe_overflow_six_doors_small,
          xom_confusion_cloud, kennysheep_orc_monster_closet_entryway,
          uniq_maggie, uniq_erica
Temple:   chequers_temple_sunken
Lair:1:   layout_chaotic_city, ebering_ghost_reflecting_pool,
          patterned_corridor, grunt_megastairs_5, serial_bayou_shore_b,
          serial_bayou_shore_a
Orc:1:    layout_caves, serial_shops, shop_statue, minmay_orc_temple_a
Orc:2:    pf_orc_diabolical, layout_diamond_mine

Skill      XL: |  1  2  3  4  5  6  7  8  9 10 11 |
---------------+----------------------------------+-----
Fighting       | 5 6 7 9 |  9.7
Dodging        | 5 6 7 |  7.5
Unarmed Combat | 5 6 7 9 10 11 | 11.1
Armour         | 1 4 5 |  5.7
Shields        | |  2.6

Action                     |  1- 3 |  4- 6 |  7- 9 | 10-12 || total
---------------------------+-------+-------+-------+-------++-------
  Melee: Unarmed           |    38 |   107 |   347 |   376 ||   868
         Punch             |     1 |     1 |    17 |    25 ||    44
 Invoke: Vitalisation      |       |     1 |     3 |       ||     4
  Evoke: Phantom mirror    |       |       |       |     2 ||     2
    Use: Scroll            |     3 |     2 |     2 |     8 ||    15
         Potion            |     1 |       |     1 |     6 ||     8
   Stab: Sleeping          |     1 |       |       |       ||     1
 Armour: Robe              |    15 |    69 |   176 |       ||   260
         Steam dragon scal |       |       |    61 |   122 ||   183
         Troll leather arm |       |       |       |   221 ||   221
         Skin              |       |       |       |     8 ||     8
  Dodge: Dodged            |    29 |    55 |   174 |   195 ||   453
  Block: Kite shield       |       |    12 |       |       ||    12

Table legend: (Time is in decaauts)
 A = Elapsed time spent in this place.
 B = Non-inter-level travel time spent in this place.
 C = Inter-level travel time spent in this place.
 D = Time resting spent in this place.
 E = Time spent auto-exploring this place.
 F = Levels seen in this place.
 G = Mean time per level.
                   A        B        C        D        E       F      G
               +--------+--------+--------+--------+--------+-----+--------+
         Total |   9547 |   9306 |    241 |    992 |   5405 |  13 |  734.4 |
       Dungeon |   8404 |   8163 |    241 |    718 |   5171 |   9 |  933.8 |
        Temple |      5 |      5 |      0 |      0 |      0 |   1 |    5.0 |
          Lair |    232 |    232 |      0 |     91 |     40 |   1 |  232.0 |
  Orcish Mines |    905 |    905 |      0 |    183 |    194 |   2 |  452.5 |
               +--------+--------+--------+--------+--------+-----+--------+

Top non-repeatable levels by time:
     D:4: 1432 daAuts
     D:6: 1131 daAuts
     D:9: 1077 daAuts
     D:8: 1032 daAuts
     D:2: 928 daAuts
     D:1: 864 daAuts
     D:7: 744 daAuts
     D:5: 716 daAuts
   Orc:1: 480 daAuts
     D:3: 476 daAuts
   Orc:2: 424 daAuts
  Lair:1: 232 daAuts
  Temple: 5 daAuts
